 Seeded DCSS version 0.30-a0-800-g7c544603b3 (webtiles) character file.

Game seed: 8796237800415217726 (custom seed)

1 BigDaddyOpFi the Covered (level 1, 14/14 HPs)
             Began as a Gargoyle Fighter on Feb 21, 2023.
             Got out of the dungeon alive.
             The game lasted 00:00:41 (72 turns).

BigDaddyOpFi the Covered (Gargoyle Fighter)           Turns: 72, Time: 00:00:42

Health: 14/14      AC: 13    Str: 19    XL:     1   Next: 20%
Magic:  1/1        EV:  9    Int:  4    God:
Gold:   1216       SH:  4    Dex:  9    Spells: 0/0 levels left

rFire   . . .      SeeInvis .    a - +0 war axe
rCold   . . .      Faith    .    c - +0 buckler
rNeg    + + .      Spirit   .    b - +0 scale mail
rPois   ∞          Reflect  .    (no helmet)
rElec   +          Harm     +    f - +3 cloak "Wanen" {Harm +Blink rN+ Int-4 Slay+5}
rCorr   .          Rampage  .    (no gloves)
Will    .....                    (no boots) Stlth
                                 (no amulet)
HPRegen 0.22/turn                (no ring)
MPRegen 0.07/turn                (no ring)

@: no status effects
A: sickness immunity, AC +2, negative energy resistance 1, electricity
resistance, torment resistance 1, petrification resistance
a: Evoke Blink


You escaped.
You visited 1 branch of the dungeon, and saw 1 of its levels.

You collected 1216 gold pieces.

Inventory:

Hand Weapons
 a - a +0 war axe (weapon)
Armour
 b - a +0 scale mail (worn)
 c - a +0 buckler (worn)
 f - the +3 cloak "Wanen" (worn) {Harm +Blink rN+ Int-4 Slay+5}
   (You acquired it on level 1 of the Dungeon)

   Int:       It affects your intelligence (-4).
   Slay:      It affects your accuracy & damage with ranged weapons and melee
   (+5).
   rN:        It protects you from negative energy.
   +Blink:    It lets you blink.
   Harm:      It increases damage dealt and taken.
Scrolls
 e - a scroll of acquirement
Potions
 d - a potion of might


   Skills:
 + Level 3.3 Fighting
 + Level 1.8 Axes
 + Level 3.3 Armour
 + Level 3.3 Shields


You couldn't memorise any spells.
You didn't know any spells.
Your spell library was empty.

Dungeon Overview and Level Annotations

Branches:
Dungeon (1/15)

Altars:

Shops:
D:1 :


Innate Abilities, Weirdness & Mutations

You are immune to sickness and miasma.
Your stone body is resilient. (AC +2)
You are immune to poison.
You resist negative energy. (rN+)
You are resistant to electric shocks. (rElec)
You are resistant to unholy torment.
You are immune to petrification.


Message History

A ball python comes into view.
Found an escape hatch in the floor.
You closely miss the ball python. You block the ball python's attack.
The ball python completely misses you.
The ball python bites you but does no damage.
The ball python grabs you. The ball python constricts you.
You barely miss the ball python. You block the ball python's attack.
The ball python constricts you. The ball python barely misses you.
The ball python constricts you.
You slash the ball python!
You kill the ball python!
Found 19 gold pieces.
Found Veoliky's Book Emporium.
You see here a ball python corpse.
Found 3 scrolls labelled INYSAVINALE.
A rat comes into view.
Found a grey potion.
You barely miss the rat. The rat bites you but does no damage.
You hit the rat.
You kill the rat!
You see here a rat corpse.
e - 3 scrolls labelled INYSAVINALE
There are no items here.
This is a scroll of acquirement!
Something appears at your feet!
You now have 1197 gold pieces.
Something appears at your feet!
f - the +3 cloak "Wanen" {Harm +Blink rN+ Int-4 Slay+5} You start putting on your armour.
You continue putting on the +3 cloak "Wanen" {Harm +Blink rN+ Int-4 Slay+5}. x4
You finish putting on the +3 cloak "Wanen" {Harm +Blink rN+ Int-4 Slay+5}.
You feel stupid.
You now have 1216 gold pieces (gained 19).
You see here a ball python corpse.
There is a staircase leading out of the dungeon here.
You can't go down here!
Unknown command.
Are you sure you want to leave the Dungeon?
This will make you lose the game! [Y]es or [N]o only, please.
Are you sure you want to leave the Dungeon?
This will make you lose the game!
You have escaped!

.. .# . ♣♣♣♣.
♣. ∩∩.♣♣ ♣♣∩
..∩♣♣
♣∩..♣♣♣..∩♣
♣∩...@...∩♣ #!
# ♣∩..♣♣♣..∩♣
... #.
♣♣∩.....∩♣♣..#
⌠.
♣♣♣∩.∩♣♣♣♣.>
#.♣♣♣♣.♣♣♣♣.#
#..♣♣.♣♣!.#
#.# ##
#.......# #.#
.. ###..#..#
#.####.#
##...##
#.#....#


There were no monsters in sight!

Vanquished Creatures
  A ball python (D:1)
  A rat (D:1)
2 creatures vanquished.

Notes
Turn   | Place    | Note
-------+----------+-------------------------------------------
     0 | D:1      | BigDaddyOpFi the Gargoyle Fighter began the quest for the
                  | Orb.
     0 | D:1      | Reached XP level 1. HP: 14/14 MP: 1/1
    14 | D:1      | Found Veoliky's Book Emporium.
    31 | D:1      | Identified 3 scrolls of acquirement
    31 | D:1      | Acquired 1197 gold pieces
    33 | D:1      | Acquired the +3 cloak "Wanen" {Harm +Blink rN+ Int-4
                  | Slay+5}
    72 | D:$      | Got out of the dungeon alive.

Illustrated notes

Levels and vault maps discovered:
D:1:      heliophobic_arrival_henge, layout_rooms, serial_shops, shop_statue

Action                     || total
---------------------------++-------
  Melee: War axe           ||     5
    Use: Scroll            ||     2
 Armour: Scale mail        ||     2
  Dodge: Dodged            ||     2
  Block: Buckler           ||     2

Table legend: (Time is in decaauts)
 A = Elapsed time spent in this place.
 B = Non-inter-level travel time spent in this place.
 C = Inter-level travel time spent in this place.
 D = Time resting spent in this place.
 E = Time spent auto-exploring this place.
 F = Levels seen in this place.
 G = Mean time per level.
                   A        B        C        D        E       F      G
               +--------+--------+--------+--------+--------+-----+--------+
         Total |     74 |     74 |      0 |      0 |      0 |   1 |   74.0 |
       Dungeon |     74 |     74 |      0 |      0 |      0 |   1 |   74.0 |
               +--------+--------+--------+--------+--------+-----+--------+

Top non-repeatable levels by time:
     D:1: 74 daAuts
